TOP OF THE 1ST |
Niagara Falls Phantoms batting - Pitching for York Revolution : RHP John Hughes
|
Pitching: RHP John Hughes
|
|
Batting: LHB Aaron Joyner
|
0-0: Ball 1-0: Foul Ball, location: 2F 1-1: Ball 2-1: Swinging Strike 2-2: Strikes out looking
|
Batting: SHB Mukhtar Wa'il
|
0-0: Called Strike 0-1: Foul Ball, location: 2F 0-2: Foul Ball, location: 2F 0-2: Foul Ball, location: 2F 0-2: Ground out U3 (Groundball, 34, EV 83.1 MPH)
|
Batting: RHB Devon Utley
|
0-0: Ball 1-0: Ball 2-0: Ball 3-0: Base on Balls
|
Batting: LHB Jose Lebron
|
0-0: Ball 1-0: Fly out, F8 (Flyball, 8LD, EV 105.0 MPH)
|
Top of the 1st over - 0 runs, 0 hits, 0 errors, 1 left on base; Niagara Falls 0 - York 0 |
BOTTOM OF THE 1ST |
York Revolution batting - Pitching for Niagara Falls Phantoms : LHP Joel Pacheco
|
Pitching: LHP Joel Pacheco
|
|
Batting: RHB Tony Perez
|
0-0: Called Strike 0-1: Foul Ball, location: 2F 0-2: Ball 1-2: Strikes out looking
|
Batting: RHB Chris Myers
|
0-0: Ball 1-0: Called Strike 1-1: Hit by Pitch
|
Batting: RHB Trent Hedrick
|
0-0: Ball 1-0: Foul Ball, location: 2F 1-1: Swinging Strike 1-2: Strikes out swinging
|
Batting: RHB Jose Corral
|
0-0: Ball Wild Pitch! Chris Myers to second 1-0: Called Strike 1-1: Called Strike 1-2: Ball 2-2: Foul Ball, location: 2F 2-2: Foul Ball, location: 2F 2-2: Strikes out swinging
|
Bottom of the 1st over - 0 runs, 0 hits, 0 errors, 1 left on base; Niagara Falls 0 - York 0 |
TOP OF THE 2ND |
Niagara Falls Phantoms batting - Pitching for York Revolution : RHP John Hughes
|
Batting: RHB Alex Colon
|
0-0: Ball 1-0: Ball 2-0: Ball 3-0: Called Strike 3-1: Ground out U3 (Groundball, 3D, EV 96.2 MPH)
|
Batting: LHB Bart Davies
|
0-0: Ball 1-0: Ball 2-0: Called Strike 2-1: Foul Ball, location: 2F 2-2: Ball 3-2: Base on Balls
|
Batting: RHB Dale Altman
|
0-0: Fly out, F3 (Line Drive, 3, EV 68.1 MPH) Lined into DP, U3 (Line Drive, 3, EV 65.0 MPH)
|
Top of the 2nd over - 0 runs, 0 hits, 0 errors, 0 left on base; Niagara Falls 0 - York 0 |
BOTTOM OF THE 2ND |
York Revolution batting - Pitching for Niagara Falls Phantoms : LHP Joel Pacheco
|
Batting: RHB Jake Cox
|
0-0: Called Strike 0-1: Ball 1-1: Swinging Strike 1-2: Foul Ball, location: 2F 1-2: Strikes out looking
|
Batting: SHB Brett St. Clair
|
0-0: Ball 1-0: Called Strike 1-1: Swinging Strike 1-2: Foul Ball, location: 2F 1-2: Strikes out looking
|
Batting: RHB Joe Hewitt
|
0-0: Ball 1-0: Called Strike 1-1: Ball 2-1: Ground out 4-3 (Groundball, 34, EV 108.1 MPH)
|
Bottom of the 2nd over - 0 runs, 0 hits, 0 errors, 0 left on base; Niagara Falls 0 - York 0 |
TOP OF THE 3RD |
Niagara Falls Phantoms batting - Pitching for York Revolution : RHP John Hughes
|
Batting: RHB Nazeeh Zubair
|
0-0: Called Strike 0-1: Called Strike 0-2: Strikes out looking
|
Batting: SHB David Stewart
|
0-0: Foul Ball, location: 2F 0-1: Swinging Strike 0-2: Ball 1-2: Foul Ball, location: 2F 1-2: Strikes out swinging
|
Batting: LHB Aaron Joyner
|
0-0: Ball 1-0: Foul Ball, location: 2F 1-1: Foul Ball, location: 2F 1-2: Ball 2-2: Ball 3-2: SINGLE (Flyball, 8LS, EV 90.0 MPH)
|
Batting: SHB Mukhtar Wa'il
|
Pickoff Throw to First - Error! E1 Aaron Joyner to second 0-0: Called Strike 0-1: Swinging Strike 0-2: Strikes out swinging
|
Top of the 3rd over - 0 runs, 1 hit, 1 error, 1 left on base; Niagara Falls 0 - York 0 |
BOTTOM OF THE 3RD |
York Revolution batting - Pitching for Niagara Falls Phantoms : LHP Joel Pacheco
|
Batting: RHB Victor Arias
|
0-0: Ball 1-0: Ball 2-0: Called Strike 2-1: Foul Ball, location: 2F 2-2: Ball 3-2: SINGLE (Flyball, 7LS, EV 93.8 MPH)
|
Batting: RHB Corey Harris
|
0-0: Ball 1-0: Foul Ball, location: 2F 1-1: Ball 2-1: Foul Ball, location: 2F 2-2: Strikes out swinging
|
Batting: RHB Tony Perez
|
0-0: Ball 1-0: Called Strike 1-1: Swinging Strike 1-2: Foul Ball, location: 2F 1-2: DOUBLE (Line Drive, 78D, EV 105.6 MPH) Victor Arias to third
|
Batting: RHB Chris Myers
|
0-0: Called Strike 0-1: Called Strike 0-2: Foul Ball, location: 2F 0-2: Strikes out looking
|
Batting: RHB Trent Hedrick
|
0-0: Ball 1-0: Swinging Strike 1-1: Called Strike 1-2: SINGLE (Line Drive, 78S, EV 93.1 MPH) Victor Arias scores Tony Perez to third Runner from 3rd tries for Home, SAFE, throw by LF to home
|
Batting: RHB Jose Corral
|
0-0: Swinging Strike 0-1: Ball 1-1: Swinging Strike 1-2: Ball 2-2: Strikes out looking
|
Bottom of the 3rd over - 2 runs, 3 hits, 0 errors, 1 left on base; Niagara Falls 0 - York 2 |
TOP OF THE 4TH |
Niagara Falls Phantoms batting - Pitching for York Revolution : RHP John Hughes
|
Batting: RHB Devon Utley
|
0-0: Ball 1-0: Ground out 6-3 (Groundball, 6, EV 90.6 MPH)
|
Batting: LHB Jose Lebron
|
0-0: Foul Ball, location: 2F 0-1: Ball 1-1: Foul Ball, location: 2F 1-2: SINGLE (Groundball, 4MD, EV 103.1 MPH)
|
Batting: RHB Alex Colon
|
0-0: Foul Ball, location: 2F 0-1: Ball 1-1: Ball 2-1: Ball 3-1: SINGLE (Groundball, 34D, EV 104.4 MPH) Jose Lebron to second Runner from 2nd tries for 3rd, SAFE, throw by RF made to third
|
Now in RF: Zach Slot
|
|
Batting: LHB Bart Davies
|
0-0: Grounds into double play, 3-6-3 (Groundball, 34S, EV 83.1 MPH)
|
Top of the 4th over - 0 runs, 2 hits, 0 errors, 1 left on base; Niagara Falls 0 - York 2 |
BOTTOM OF THE 4TH |
York Revolution batting - Pitching for Niagara Falls Phantoms : LHP Joel Pacheco
|
Batting: RHB Jake Cox
|
0-0: Ball 1-0: Ground out 1-3 (Groundball, P, EV 65.0 MPH)
|
Batting: RHB Zach Slot
|
0-0: Ball 1-0: Ball 2-0: Fly out, F7 (Flyball, 78D, EV 101.9 MPH)
|
Batting: RHB Joe Hewitt
|
0-0: Called Strike 0-1: Ball 1-1: Called Strike 1-2: Fly out, F8 (Line Drive, 8RD, EV 96.9 MPH)
|
Bottom of the 4th over - 0 runs, 0 hits, 0 errors, 0 left on base; Niagara Falls 0 - York 2 |
TOP OF THE 5TH |
Niagara Falls Phantoms batting - Pitching for York Revolution : RHP John Hughes
|
Batting: RHB Dale Altman
|
0-0: Called Strike 0-1: Ball 1-1: SINGLE (Flyball, 89S, EV 91.2 MPH)
|
Batting: RHB Nazeeh Zubair
|
0-0: Ball 1-0: Ball 2-0: Called Strike 2-1: Ball 3-1: Called Strike 3-2: Strikes out swinging
|
Batting: SHB David Stewart
|
0-0: Ball 1-0: Called Strike 1-1: Swinging Strike 1-2: Foul Ball, location: 2F 1-2: Ball 2-2: Ball 3-2: Fly out, F8 (Flyball, 8LXD, EV 106.9 MPH)
|
Batting: LHB Aaron Joyner
|
0-0: Foul Ball, location: 2F 0-1: Ball 1-1: Foul Ball, location: 2F 1-2: Ball 2-2: Foul Ball, location: 2F 2-2: SINGLE (Groundball, 6MD, EV 97.5 MPH) Dale Altman to second
|
Batting: SHB Mukhtar Wa'il
|
0-0: Ball 1-0: Foul Ball, location: 2F 1-1: Called Strike 1-2: Strikes out looking
|
Top of the 5th over - 0 runs, 2 hits, 0 errors, 2 left on base; Niagara Falls 0 - York 2 |
BOTTOM OF THE 5TH |
York Revolution batting - Pitching for Niagara Falls Phantoms : LHP Joel Pacheco
|
Batting: RHB Victor Arias
|
0-0: Ball 1-0: Ground out 1-3 (Groundball, 13S, EV 68.8 MPH)
|
Batting: RHB Corey Harris
|
0-0: Foul Ball, location: 2F 0-1: Ground out U3 (Groundball, 34, EV 97.5 MPH)
|
Batting: RHB Tony Perez
|
0-0: Called Strike 0-1: Ball 1-1: Ball 2-1: Foul Ball, location: 2F 2-2: Ball 3-2: Strikes out swinging
|
Bottom of the 5th over - 0 runs, 0 hits, 0 errors, 0 left on base; Niagara Falls 0 - York 2 |
TOP OF THE 6TH |
Niagara Falls Phantoms batting - Pitching for York Revolution : RHP John Hughes
|
Batting: RHB Devon Utley
|
0-0: Called Strike 0-1: SINGLE (Line Drive, 8RS, EV 104.4 MPH)
|
Batting: LHB Jose Lebron
|
0-0: Ball Devon Utley steals 2nd, throwing error, E2 Devon Utley to third 1-0: Ball 2-0: Ball 3-0: Called Strike 3-1: Ground out U3 (Groundball, 3S, EV 73.8 MPH)
|
Batting: RHB Alex Colon
|
0-0: Foul Ball, location: 2F 0-1: Swinging Strike 0-2: Strikes out swinging
|
Batting: LHB Bart Davies
|
0-0: Ball 1-0: Called Strike 1-1: Ball 2-1: Ball 3-1: Base on Balls
|
Batting: RHB Dale Altman
|
0-0: Called Strike 0-1: SINGLE (Line Drive, 9LS, EV 110.6 MPH) Devon Utley scores Bart Davies to second Runner from 2nd tries for 3rd, OUT! 9-5
|
Top of the 6th over - 1 run, 2 hits, 1 error, 1 left on base; Niagara Falls 1 - York 2 |
BOTTOM OF THE 6TH |
York Revolution batting - Pitching for Niagara Falls Phantoms : LHP Joel Pacheco
|
Batting: RHB Chris Myers
|
0-0: Called Strike 0-1: Ball 1-1: SINGLE (Flyball, 3D, EV 88.1 MPH)
|
Batting: RHB Trent Hedrick
|
0-0: Ball 1-0: Called Strike 1-1: Fielders Choice at 2nd, 6-4 (Groundball, 6D, EV 104.4 MPH)
|
Batting: RHB Jose Corral
|
0-0: Ball Trent Hedrick is caught stealing 2nd base 2-4 1-0: Foul Ball, location: 2F 1-1: Foul Ball, location: 2F 1-2: SINGLE (Groundball, 6MD, EV 103.1 MPH)
|
Batting: RHB Jake Cox
|
0-0: Foul Ball, location: 2F 0-1: Ball 1-1: Called Strike 1-2: 2-RUN HOME RUN (Flyball, 78XD, EV 99.4 MPH), Distance : 388 ft
|
Batting: RHB Zach Slot
|
0-0: Ball 1-0: Swinging Strike 1-1: Foul Ball, location: 2F 1-2: Strikes out swinging
|
Bottom of the 6th over - 2 runs, 3 hits, 0 errors, 0 left on base; Niagara Falls 1 - York 4 |
TOP OF THE 7TH |
Niagara Falls Phantoms batting - Pitching for York Revolution : RHP John Hughes
|
Batting: RHB Nazeeh Zubair
|
0-0: Foul Ball, location: 2F 0-1: Called Strike 0-2: Ball 1-2: Ball 2-2: Ball 3-2: SINGLE (Flyball, 34D, EV 87.5 MPH)
|
Pitching: RHP Jonathan Beishline
|
|
Batting: SHB David Stewart
|
0-0: SINGLE (Line Drive, 9LS, EV 90.0 MPH) Nazeeh Zubair to second Runner from 2nd tries for 3rd, OUT! 9-5
|
Batting: LHB Aaron Joyner
|
0-0: Called Strike 0-1: Foul Ball, location: 2F 0-2: Strikes out swinging
|
Batting: SHB Mukhtar Wa'il
|
0-0: Called Strike 0-1: Ground out 4-3 (Groundball, 4, EV 82.5 MPH)
|
Top of the 7th over - 0 runs, 2 hits, 0 errors, 1 left on base; Niagara Falls 1 - York 4 |
BOTTOM OF THE 7TH |
York Revolution batting - Pitching for Niagara Falls Phantoms : LHP Joel Pacheco
|
Pitching: RHP Bobby Mott
|
|
Now at C: Matt Bindel
|
|
Batting: RHB Joe Hewitt
|
0-0: Swinging Strike 0-1: Ball 1-1: Foul Ball, location: 2F 1-2: Foul Ball, location: 2F 1-2: Ball 2-2: Foul Ball, location: 2F 2-2: Strikes out swinging
|
Batting: RHB Victor Arias
|
0-0: Ball 1-0: Fly out, F4 (Line Drive, 4, EV 70.6 MPH)
|
Batting: RHB Corey Harris
|
0-0: Ground out 1-3 (Groundball, 13S, EV 67.5 MPH)
|
Bottom of the 7th over - 0 runs, 0 hits, 0 errors, 0 left on base; Niagara Falls 1 - York 4 |
TOP OF THE 8TH |
Niagara Falls Phantoms batting - Pitching for York Revolution : RHP Jonathan Beishline
|
Batting: RHB Devon Utley
|
0-0: Called Strike 0-1: Ball 1-1: Swinging Strike 1-2: Ball 2-2: Foul Ball, location: 2F 2-2: Ground out 6-3 (Groundball, 6, EV 84.4 MPH)
|
Batting: LHB Jose Lebron
|
0-0: Foul Ball, location: 2F 0-1: Swinging Strike 0-2: Strikes out looking
|
Batting: RHB Alex Colon
|
0-0: Ball 1-0: Called Strike 1-1: Ball 2-1: Foul Ball, location: 2F 2-2: Ball 3-2: Base on Balls
|
Batting: LHB Bart Davies
|
0-0: Swinging Strike 0-1: Ball 1-1: Called Strike 1-2: Strikes out swinging
|
Top of the 8th over - 0 runs, 0 hits, 0 errors, 1 left on base; Niagara Falls 1 - York 4 |
BOTTOM OF THE 8TH |
York Revolution batting - Pitching for Niagara Falls Phantoms : RHP Bobby Mott
|
Batting: RHB Tony Perez
|
0-0: Foul Ball, location: 2F 0-1: Swinging Strike 0-2: Foul Ball, location: 2F 0-2: Ball 1-2: Ball 2-2: Fly out, F8 (Flyball, 8RS, EV 93.8 MPH)
|
Batting: RHB Chris Myers
|
0-0: Ball 1-0: Ball 2-0: SINGLE (Flyball, 5D, EV 88.8 MPH)
|
Batting: RHB Trent Hedrick
|
0-0: Foul Ball, location: 2F 0-1: Ball Chris Myers steals 2nd base 1-1: Ball 2-1: SINGLE (Groundball, 4MD, EV 103.8 MPH) Chris Myers to third
|
Batting: RHB Jose Corral
|
0-0: Ball 1-0: Called Strike 1-1: Ball 2-1: Called Strike 2-2: Strikes out swinging
|
Batting: RHB Jake Cox
|
0-0: Called Strike 0-1: Swinging Strike 0-2: Strikes out swinging
|
Bottom of the 8th over - 0 runs, 2 hits, 0 errors, 2 left on base; Niagara Falls 1 - York 4 |
TOP OF THE 9TH |
Niagara Falls Phantoms batting - Pitching for York Revolution : RHP Jonathan Beishline
|
Pitching: LHP Tim Lawson
|
|
Batting: RHB Dale Altman
|
0-0: Foul Ball, location: 2F 0-1: Ball 1-1: Swinging Strike 1-2: Fly out, F8 (Flyball, 8RXD, EV 76.9 MPH)
|
Batting: RHB Matt Bindel
|
0-0: Ball 1-0: Ball 2-0: Foul Ball, location: 2F 2-1: Ball 3-1: SINGLE (Line Drive, 34D, EV 95.0 MPH)
|
Batting: SHB David Stewart
|
0-0: Ball 1-0: Called Strike 1-1: Swinging Strike 1-2: Strikes out swinging
|
Pinch Hitting: RHB Antonio Castillo
|
0-0: Ball 1-0: SINGLE (Line Drive, 4M, EV 94.4 MPH) Matt Bindel to second
|
Batting: SHB Mukhtar Wa'il
|
0-0: Ball 1-0: Ball 2-0: Ball 3-0: Called Strike 3-1: Foul Ball, location: 2F 3-2: Foul Ball, location: 2F 3-2: Base on Balls Matt Bindel to third Antonio Castillo to second
|
Batting: RHB Devon Utley
|
0-0: Ball 1-0: GRAND SLAM HOME RUN (Flyball, 7LD, EV 93.8 MPH), Distance : 335 ft
|
Batting: LHB Jose Lebron
|
0-0: Called Strike 0-1: Fly out, F7 (Flyball, 7, EV 95.0 MPH)
|
Top of the 9th over - 4 runs, 3 hits, 0 errors, 0 left on base; Niagara Falls 5 - York 4 |
BOTTOM OF THE 9TH |
York Revolution batting - Pitching for Niagara Falls Phantoms : RHP Bobby Mott
|
Pitching: RHP Mark Stafford
|
|
Now at 1B: Matt Crane
|
|
Now in CF: John Sprenkel
|
|
Now in RF: Christian Shearer
|
|
Batting: RHB Zach Slot
|
0-0: Ball 1-0: Ground out 4-3 (Groundball, 4MS, EV 86.2 MPH)
|
Pinch Hitting: SHB Marco de Leon
|
0-0: Swinging Strike 0-1: Ball 1-1: Foul Ball, location: 2F 1-2: Strikes out swinging
|
Batting: RHB Victor Arias
|
0-0: Foul Ball, location: 2F 0-1: Fly out, F9 (Flyball, 9S, EV 89.4 MPH)
|
Bottom of the 9th over - 0 runs, 0 hits, 0 errors, 0 left on base; Niagara Falls 5 - York 4 |
|